[Event "*** MasterClass Titled Tuesday Blitz"]
[Site "Chess.com"]
[Date "2017.11.07"]
[Round "4"]
[White "GM_dmitrij"]
[Black "MartinZumsande"]
[Result "1-0"]
[WhiteElo "2611"]
[BlackElo "2442"]
[TimeControl "180+2"]
[EndTime "15:02:54 PST"]
[Termination "GM_dmitrij won by resignation"]

1. e4 e6 2. d4 d5 3. exd5 exd5 4.
Nf3 Nf6 5. Bd3 c5 6. dxc5 Bxc5 7.
O-O O-O 8. Nc3 Nc6 9. Bg5 Be6 10. Qd2 Be7 11. Rfe1 a6 12. Ne2 Ne4 13. Bxe7 Nxd2 14. Bxd8 Nxf3+ 15. gxf3 Rfxd8 16. Nf4 Rd6 17. Rad1 Rad8 18.
a3 g6 19. Rd2 Kg7 20. Bf1 Kf6 21. Red1 Ne5 22. Be2 h5 23. Kg2 Ke7 24. c3 Nc6 25. Bd3 d4 26. c4 Ne5 27. b3 b5 28. c5 R6d7 29. Re1 Kf6 30. Nxe6 fxe6 31. b4 Nc4 32. Rc2 Nxa3 33. Ra2 Nc4 34. Rxa6 Re7 35. Re2 Rb8 36. f4 Kf7 37. h4 Rd8 38. Kg3 Rb8 39. Rea2 Kf6 40. Rc6 Kf7 41. Rca6 Kf6 42. Ra8 Rxa8 43.
Rxa8 Rd7 44. Kf3 Nd2+ 45. Ke2 Nc4 46. Rg8 e5 47. Rxg6+ Kf7 48. fxe5 Nxe5 49. Rh6 Kg7 50. Rh7+ Kf6 51. Rxd7 Nxd7 52. Bxb5 Ne5 53. Bd3 Ke6 54. Be4 Ng4 55. b5 Nf6 56. b6 Nd7 57. b7 Nb8 58. c6 Kd6 59. Kd3 Kc7 60. Kxd4 Na6 61. f4 Nb4 62. f5 Na2 63. f6 1-0

[Event "*** MasterClass Titled Tuesday Blitz"]
[Site "Chess.com"]
[Date "2017.11.07"]
[Round "4"]
[White "danyuffa"]
[Black "Alexander_Moskalenko"]
[Result "0-1"]
[WhiteElo "2641"]
[BlackElo "2683"]
[TimeControl "180+2"]
[EndTime "15:02:57 PST"]
[Termination "Alexander_Moskalenko won by resignation"]

1. d4 d6 2. Nf3 g6 3. g3 Bg7 4.
Bg2 Nf6 5. O-O O-O 6. c4 c6 7. Nc3 Bf5 8. Nh4 Bc8 9. e4 e5 10. d5 cxd5 11. cxd5 Bd7 12. Nf3 b5 13. a3 a5 14. Be3 Na6 15. Ne1 b4 16. axb4 axb4 17. Nb1 Ng4 18. Bd2 f5 19. exf5 gxf5 20. h3 Nf6 21. Nf3 Ne4 22. Re1 Nxd2 23. Qxd2 Nc5 24. Rxa8 Qxa8 25. Ng5 Bh6 26. h4 f4 27. Qxb4 Bxg5 28. hxg5 Nd3 29. Qxd6 Nxe1 30. Qxd7 Qc8 31. Bh3 Qxd7 32. Bxd7 Nf3+ 33. Kg2 Nxg5 34. Nc3 fxg3 35. fxg3 Rb8 36. Nd1 Kf8 37. Bf5 Ke7 38. Kf2 Kd6 39. Ne3 Rxb2+ 40. Kf1 Ra2 41. Bc8 Kc5 42. Bb7 Ne4 43.
g4 Nd6 44. Bc6 Kd4 45. Nf5+ Kc5 46. Ng7 h6 47. Ne6+ Kc4 48. g5 hxg5 49. Nxg5 e4 50. Bd7 Ra1+ 51. Kf2 Kxd5 52. Bg4 Ke5 53. Be2 Ra3 54.
Nh7 Kf4 55. Nf6 Nf5 56. Nd5+ Ke5 57. Nb6 Rg3 58. Nc4+ Kf4 59. Bf1 e3+ 60. Ke2 Nd4+ 61. Ke1 Rg1 62. Nb2 e2 63. Nd3+ Ke3 0-1

[Event "*** MasterClass Titled Tuesday Blitz"]
[Site "Chess.com"]
[Date "2017.11.07"]
[Round "4"]
[White "tango_argentino"]
[Black "GeorgMeier"]
[Result "0-1"]
[WhiteElo "2490"]
[BlackElo "2682"]
[TimeControl "180+2"]
[EndTime "15:03:03 PST"]
[Termination "GeorgMeier won by checkmate"]

1. b3 d5 2. Bb2 Nf6 3. e3 Bf5 4. Nc3 e5 5. d4 e4 6. Qd2 c6 7. f3 Bd6 8. O-O-O h6 9. g4 Bg6 10. Bg2 Qe7 11. Nh3 Nbd7 12. Nf2 exf3 13. Bxf3 O-O-O 14. Kb1 Rhe8 15. Rde1 Bb4 16. Nd3 Ba5 17. Qg2 Ne4 18.
Bxe4 Bxe4 19. Nxe4 Bxe1 20. Nec5 Bh4 21. Nxd7 Qxd7 22. Ne5 Qe6 23. Bc1 Bf6 24. Nd3 Qe4 25. Qg1 Bg5 26. Nc5 Qf3 27. Qf1 Qxf1 28. Rxf1 b6 29.
Nd3 f6 30. Rf3 Re6 31. Nf2 Rde8 32. Nd1 Re4 33. Nf2 R4e7 34. Nd1 Kd7 35. c3 Re4 36. Nf2 R4e7 37. Nd1 h5 38. gxh5 Rh8 39. Kc2 Rxh5 40. h3 Bh4 41. Kd3 Rg5 42. c4 Rg1 43. Ke2 Rg2+ 44.
Kd3 Rg3 45. Rxg3 Bxg3 46. cxd5 cxd5 47. Nc3 Ke6 48. e4 dxe4+ 49. Kxe4 Rc7 50. d5+ Kd7 51. Bd2 g6 52. b4 Be5 53. Nb5 Rc2 54. Kd3 Rxa2 55. Be3 a6 56. Na7 Ra3+ 57. Ke2 Bc7 58. Nc6 a5 59. bxa5 bxa5 60. Nd4 Rxe3+ 61. Kxe3 Bb6 62. Ke4 Bxd4 63. Kxd4 Kd6 64. Kc4 f5 65. Kb5 f4 66. Ka6 f3 67. Ka7 f2 68. Ka8 a4 69.
Kb8 a3 70. Kb7 a2 71. Kc8 f1=Q 72. Kb8 Qb5+ 73. Kc8 a1=Q 74. Kd8 Qa8# 0-1

[Event "*** MasterClass Titled Tuesday Blitz"]
[Site "Chess.com"]
[Date "2017.11.07"]
[Round "4"]
[White "chesssharkattack"]
[Black "Krasimir_Rusev"]
[Result "0-1"]
[WhiteElo "2353"]
[BlackElo "2574"]
[TimeControl "180+2"]
[EndTime "15:03:06 PST"]
[Termination "Krasimir_Rusev won on time"]

1. e4 e5 2. Nf3 d6 3. Nc3 Nf6 4. d4 exd4 5. Nxd4 Be7 6. Bc4 O-O 7. O-O c6 8. Re1 Re8 9. h3 a5 10. a4 Bf8 11. Qf3 Nbd7 12. Qg3 Ne5 13. Bb3 Ng6 14.
f4 Qb6 15. Qf2 d5 16. e5 Bc5 17. Be3 Nxe5 18. fxe5 Rxe5 19. Rad1 Bd7 20. Qd2 Rae8 21. Kf1 R8e7 22. Bf2 h6 23. Rxe5 Rxe5 24. Nf3 Rf5 25. Bxc5 Qxc5 26. Qd4 Qd6 27. Kg1 Rxf3 28. gxf3 Qg3+ 29.
Kf1 Qxf3+ 30. Ke1 Bxh3 31. Kd2 Bg4 32. Re1 h5 33. Qe3 Qg2+ 34. Kc1 h4 35. Nd1 Ne4 36. c4 Be6 37. cxd5 cxd5 38. Bc2 h3 39. Bxe4 dxe4 40. Qxe4 Qg5+ 41. Ne3 g6 42. Kd1 Qh5+ 43. Kd2 Qc5 44. Qxb7 Qd4+ 45. Ke2 h2 46. Rh1 Bg4+ 47. Nxg4 Qxg4+ 48. Kd3 Qf5+ 49. Kc4 Qf4+ 50. Kc5 Kg7 51. Kb6 Qb4+ 52. Ka6 Qxa4 53. Rxh2 Qc4+ 54. Ka7 Qc5+ 55. Ka8 Qf8+ 56. Ka7 Qc5+ 57. Ka8 a4 58. Rd2 Qa5+ 0-1

[Event "*** MasterClass Titled Tuesday Blitz"]
[Site "Chess.com"]
[Date "2017.11.07"]
[Round "4"]
[White "asms9699"]
[Black "saikrishnaReturns"]
[Result "1/2-1/2"]
[WhiteElo "2425"]
[BlackElo "2487"]
[TimeControl "180+2"]
[EndTime "15:03:10 PST"]
[Termination "Game drawn - insufficient material"]

1. c4 Nf6 2. g3 e5 3. Bg2 Nc6 4. Nc3 Bb4 5. Nd5 O-O 6. a3 Bc5 7. d3 a5 8. Nf3 e4 9. dxe4 Nxe4 10. O-O d6 11. Be3 Be6 12. Qc2 Bxe3 13. Nxe3 Nc5 14. Rfd1 a4 15. Nd5 Bxd5 16. cxd5 Na5 17. Nd4 Nab3 18. Nxb3 axb3 19. Qc3 Re8 20. Bf3 Qg5 21.
Rac1 h5 22. h4 Qe5 23. Qxe5 Rxe5 24. Rc3 g5 25. hxg5 Rxg5 26. Rd4 Kg7 27. e3 Rh8 28.
Kf1 Re5 29. Bd1 h4 30. gxh4 Ne4 31. Rcc4 Rxh4 32. Ke2 f5 33. Bxb3 Rh2 34. Rxc7+ Kf6 35. Rxe4 fxe4 36. Rc8 Ke7 37. Rc4 Rf5 38. Rxe4+ Kf6 39.
Re6+ Kg5 40. Rxd6 Rfxf2+ 41. Kd3 Rxb2 42. Bc4 Kf5 43. e4+ Kf4 44. Rf6+ Ke5 45. Re6+ Kf4 46. Kd4 b6 47. Rf6+ Kg5 48. Rf5+ Kg6 49. a4 Rb4 50.
Kc3 Rxa4 51. d6 Ra3+ 52. Kd4 Rd2+ 53. Ke5 Ra8 54. Bf7+ Kg7 55. Ke6 Rd8 56. e5 b5 57.
Ke7 Rb8 58. e6 b4 59. d7 b3 60. Rg5+ Kh6 61. Rg6+ Kh7 62. Rg1 b2 63. Be8 b1=Q 64. Rxb1 Rxb1 65. d8=Q Rxd8 66. Kxd8 Re1 67. Bd7 Kg7 68.
e7 Rxe7 69. Kxe7 1/2-1/2

[Event "*** MasterClass Titled Tuesday Blitz"]
[Site "Chess.com"]
[Date "2017.11.07"]
[Round "4"]
[White "ChadBiryani"]
[Black "viggi38"]
[Result "0-1"]
[WhiteElo "2180"]
[BlackElo "2216"]
[TimeControl "180+2"]
[EndTime "15:03:11 PST"]
[Termination "viggi38 won by resignation"]

1. d4 f5 2. Bf4 Nf6 3. e3 e6 4. h3 d6 5. Nf3 Be7 6. c3 Nc6 7. b4 a6 8. a4 Ne4 9. Qb3 Bf6 10. Nfd2 e5 11. Bh2 Nxd2 12. Nxd2 Qe7 13. d5 Nd8 14. b5 axb5 15. Bxb5+ Bd7 16. O-O O-O 17. a5 Bxb5 18. Qxb5 c6 19. Qb3 Qf7 20. c4 g5 21.
e4 f4 22. f3 h5 23. Kh1 g4 24. fxg4 hxg4 25. hxg4 Kg7 26. Nf3 Rh8 27. Kg1 Qg6 28.
g5 Bxg5 29. Nxg5 Qxg5 30. dxc6 bxc6 31. Rf3 Ne6 32. Qb7+ Kf6 33. Qxc6 Rag8 34. Ra2 Qh4 35. g3 Qg4 36. Raf2 Rd8 37. Kf1 Nd4 38. Rxf4+ exf4 39. Qa4 f3 40. Qa1 Qxe4 41. Rd2 Ke5 42. g4+ Ke6 43. Kg1 Ne2+ 44. Kf1 Rxh2 45. Qg7 Qe3 46.
Qg6+ Kd7 47. Qf7+ Qe7 48. Qf5+ Kc7 49. a6 Rh1+ 50. Kf2 Qh4+ 51. Ke3 Re8+ 52. Kd3 Nc1+ 53.
Kc2 Qh8 54. Qa5+ Kd7 55. Qb5+ Ke7 56. Qb7+ Kf8 57. Rxd6 Qh7+ 58. Qxh7 Rxh7 59. Kxc1 f2 60. Rd1 Re1 61. a7 Rxd1+ 62. Kxd1 f1=Q+ 0-1

[Event "*** MasterClass Titled Tuesday Blitz"]
[Site "Chess.com"]
[Date "2017.11.07"]
[Round "4"]
[White "popov_m"]
[Black "Swarnapuri"]
[Result "0-1"]
[WhiteElo "2490"]
[BlackElo "2494"]
[TimeControl "180+2"]
[EndTime "15:03:20 PST"]
[Termination "Swarnapuri won by checkmate"]

1. d4 Nc6 2. d5 Ne5 3. e4 Ng6 4. Nf3 e5 5. dxe6 dxe6 6. Qxd8+ Kxd8 7. Nc3 Bc5 8. Bg5+ f6 9. Bd2 Ke8 10. Bc4 N8e7 11. Nb5 Bb6 12. Nbd4 Kf7 13. c3 Bd7 14. O-O-O Nc6 15. Be3 Nce5 16. Nxe5+ Nxe5 17. Be2 Rad8 18.
Kc2 Nc6 19. b3 Nxd4+ 20. cxd4 Bc6 21. f3 f5 22. d5 Bxe3 23. dxc6 bxc6 24. exf5 exf5 25.
Bc4+ Kf6 26. Rxd8 Rxd8 27. Rd1 Bd4 28. Re1 Be5 29. g3 g5 30. Re2 h5 31. Bd3 c5 32.
Bc4 Rh8 33. Rd2 h4 34. g4 h3 35. Bd3 fxg4 36. fxg4 Rd8 37. Rf2+ Bf4 38. Rf3 Rh8 39. Rf2 Rh4 40. Bf5 Rh8 41. Bd3 Ke5 42. Re2+ Kd6 43.
Bf5 Rh6 44. Kd3 Rf6 45. Kc4 Kc6 46. Rf2 Rd6 47. Kc3 a5 48. Rf3 Rh6 49. Rf2 Kd5 50.
Kd3 Ke5 51. Re2+ Kd5 52. Be4+ Kd6 53. Bf5 Rf6 54. Kc4 Kc6 55. Kc3 Kb6 56. Rf2 Rd6 57. Re2 Rd1 58. Re6+ c6 59. Rh6 Rc1+ 60. Kb2 Rh1 61.
Rxh3 Bxh2 62. Ka3 c4 63. bxc4 Bd6+ 64. c5+ Bxc5+ 65. Ka4 Rxh3 66. Bd3 Rxd3 67. a3 Rxa3# 0-1

[Event "*** MasterClass Titled Tuesday Blitz"]
[Site "Chess.com"]
[Date "2017.11.07"]
[Round "4"]
[White "tigra"]
[Black "michaelq2d5"]
[Result "0-1"]
[WhiteElo "2636"]
[BlackElo "2639"]
[TimeControl "180+2"]
[EndTime "15:03:22 PST"]
[Termination "michaelq2d5 won by resignation"]

1. e4 e5 2. Nf3 Nc6 3. Bc4 Nf6 4. d3 Bc5 5. c3 d6 6. Nbd2 a6 7. a4 h6 8. Ba2 O-O 9. O-O Re8 10. h3 Be6 11.
Bxe6 Rxe6 12. b4 Bb6 13. a5 Ba7 14. Nc4 d5 15. exd5 Qxd5 16. Ne3 Qd7 17. Qc2 Rd8 18. Rd1 Rd6 19. Ne1 Nh5 20. Nc4 Rg6 21. Kf1 Qf5 22.
Be3 Nf4 23. Bxf4 Qxf4 24. Nf3 Re6 25. Re1 Qf5 26. Rad1 Rde8 27. Qe2 e4 28. dxe4 Rxe4 29. Qa2 Qb5 30. Kg1 Rxe1+ 31. Rxe1 Rxe1+ 32. Nxe1 Qd5 33. Qe2 Qf5 34. Nf3 Kh7 35. g3 Qxh3 36. Qe4+ g6 37. Qf4 Qe6 38. Nce5 Nxe5 39. Nxe5 Kg7 40. Ng4 g5 41.
Qf3 h5 42. Qxb7 Qxg4 43. Qxa7 Qd1+ 44. Kg2 Qd5+ 45. Kh2 Qc4 46. Qe3 f6 47. Qf3 Kg6 48.
Kg2 f5 49. Kh2 h4 50. gxh4 Qxh4+ 51. Kg2 Qc4 52. Qe3 g4 53. Qe8+ Kg5 54. Qe7+ Kg6 55. Qe5 f4 56. Kg1 f3 57. Kh2 Qe2 58. Qg3 Kf5 59. Qh4 Qe5+ 60. Kg1 Qe1+ 61. Kh2 Qe5+ 62.
Kg1 Qxc3 63. Qh5+ Kf4 64. Qh6+ Ke4 65. Qg6+ Kd5 66. Qxg4 Qe1+ 67. Kh2 Qxf2+ 68. Kh3 Qg2+ 69. Qxg2 fxg2 70. Kh2 Kc4 0-1

[Event "*** MasterClass Titled Tuesday Blitz"]
[Site "Chess.com"]
[Date "2017.11.07"]
[Round "4"]
[White "lukas_111111"]
[Black "wanyaland"]
[Result "0-1"]
[WhiteElo "2349"]
[BlackElo "2254"]
[TimeControl "180+2"]
[EndTime "15:03:53 PST"]
[Termination "wanyaland won by resignation"]

1. d4 d5 2. c4 c6 3. e3 Nf6 4. Nc3 e6 5. Nf3 Nbd7 6. Qc2 Bd6 7. Bd3 dxc4 8. Bxc4 e5 9. O-O O-O 10. Rd1 Qe7 11.
Bd3 Re8 12. Ne4 Nxe4 13. Bxe4 g6 14. d5 cxd5 15. Bxd5 Nf6 16. e4 Nxd5 17. Rxd5 Be6 18. Bg5 Qf8 19. Rdd1 Rac8 20. Qd2 Bb8 21. Bf6 Bg4 22. Qe3 Rc6 23. Bg5 f5 24. h3 f4 25.
Qb3+ Be6 26. Qxb7 Rb6 27. Qa8 h6 28. Bh4 g5 29. Bxg5 hxg5 30. Nxg5 Qf6 31. Nxe6 Qxe6 32.
Rac1 Kh8 33. b3 Rg8 34. Rc3 Qg6 35. g3 Qh5 36. Qd5 Rd6 37. Qxd6 Bxd6 38. Rxd6 fxg3 39. fxg3 Qxh3 40. Kf2 Qh2+ 41. Ke1 Rf8 42. Rd2 Qg1+ 43.
Ke2 Rf2+ 44. Kd3 Qxg3+ 45. Kc4 Qg8+ 46. Rd5 Rh2 47. Rd3 Rh6 48. Kc3 Rc6+ 49. Kb2 Qg2+ 50.
Rd2 Qxe4 51. Rd8+ Kg7 52. R8d7+ Kf6 53. R7d3 Qf5 54. Rd8 Ke7 55. R8d3 e4 56. Re3 Qe5+ 57. Kb1 Rd6 58. Rde2 Rd4 59. a4 Ke6 60. Ka2 Qd5 61.
Ka3 Ke5 62. a5 Qc5+ 63. b4 Qxb4+ 0-1

[Event "*** MasterClass Titled Tuesday Blitz"]
[Site "Chess.com"]
[Date "2017.11.07"]
[Round "4"]
[White "MITerryble"]
[Black "Annawel"]
[Result "1-0"]
[WhiteElo "2621"]
[BlackElo "2772"]
[TimeControl "180+2"]
[EndTime "15:04:07 PST"]
[Termination "MITerryble won by resignation"]

1. d4 Nf6 2. Nf3 b6 3. g3 Bb7 4. Bg2 g6 5. O-O Bg7 6. c4 O-O 7. b3 c5 8. Bb2 cxd4 9. Bxd4 d6 10. Bb2 Nbd7 11. Nc3 a6 12. Qd2 Rc8 13. Rac1 Rc5 14.
Rfd1 Qa8 15. Ne1 Bxg2 16. Nxg2 Rfc8 17. a4 Ne4 18. Nxe4 Qxe4 19. Bxg7 Kxg7 20. Ne3 Nf6 21. Qd4 Qxd4 22. Rxd4 a5 23. Rcd1 Kf8 24. Kg2 Re5 25. Kf3 Nd7 26. Nd5 Nc5 27. Rb1 Rc6 28. e3 e6 29. Nc3 Ke7 30. Kg2 g5 31. h4 h6 32.
hxg5 hxg5 33. g4 Rc8 34. Nb5 Rc6 35. Kf3 f5 36. gxf5 Rxf5+ 37. Kg2 e5 38. Rg4 Rc8 39. Nc3 Rcf8 40. Rf1 Ke6 41. Ne4 Nxe4 42. Rxe4 Rh8 43. Rg4 Rh5 44. f3 Rf8 45. Rg1 Rfh8 46. Kf2 Kf5 47.
R1g2 Kf6 48. Ke2 Kf5 49. Kd3 Kf6 50. Ke4 Rh4 51. Kd5 Rxg4 52. fxg4 Ke7 53. Kc6 Rh3 54. Re2 Ke6 55. Kxb6 Rg3 56. Kxa5 Rxg4 57. Kb5 Rh4 58. a5 Rh8 59. Rf2 Rb8+ 60. Ka4 d5 61. cxd5+ Kxd5 62. b4 Ke4 63. a6 Kxe3 64. Rf5 e4 65.
Rxg5 Kf4 66. Rg7 Re8 67. b5 e3 68. Rg1 Ke4 69. b6 Kd5 70. Kb5 e2 71. a7 Kd6 72.
b7 Re5+ 73. Kb6 e1=Q 74. Rxe1 Kd5 75. Rxe5+ 1-0

[Event "*** MasterClass Titled Tuesday Blitz"]
[Site "Chess.com"]
[Date "2017.11.07"]
[Round "4"]
[White "Too_Stupid_To_Play"]
[Black "matej2221"]
[Result "1/2-1/2"]
[WhiteElo "2211"]
[BlackElo "2046"]
[TimeControl "180+2"]
[EndTime "15:04:13 PST"]
[Termination "Game drawn - insufficient material"]

1. Nf3 d5 2. c4 c6 3. g3 Nf6 4.
Bg2 Bf5 5. O-O e6 6. Qb3 Qb6 7. d3 Qxb3 8. axb3 Na6 9. Nh4 Bg6 10. Be3 Be7 11. Na3 Nb4 12. Rfc1 Ng4 13. Nxg6 hxg6 14.
Bd2 Bc5 15. d4 Be7 16. Nc2 Nxc2 17. Rxc2 f5 18. cxd5 exd5 19. b4 Kd7 20. b5 Nf6 21.
bxc6+ bxc6 22. b4 Rhb8 23. Ra6 Bxb4 24. Bxb4 Rxb4 25. Raxc6 Rb1+ 26. Bf1 Rb7 27. Ra6 Rc8 28. Rca2 Rcc7 29. e3 Ne4 30. Kg2 Nd6 31. R2a5 Rb6 32. Rxa7 Rxa7 33. Rxa7+ Rb7 34. Ra5 Ke6 35. h4 Rb2 36.
Bd3 Ne4 37. Bxe4 dxe4 38. Ra7 Kf6 39. Rc7 Rd2 40. Rd7 Rd1 41. Kh3 Rh1+ 42. Kg2 Rd1 43. Ra7 Rc1 44. Ra2 Rd1 45. Rc2 Ke6 46. Rc6+ Kf7 47. Rc2 Ke6 48. f3 Kf7 49. fxe4 fxe4 50.
Kh3 Rd3 51. Re2 Kf6 52. Kg4 Ke6 53. Kf4 Kd5 54. Kg5 Rd1 55. Kxg6 Rg1 56. Kxg7 Rxg3+ 57. Kh6 Kc4 58. h5 Kd3 59. Re1 Kd2 60. Ra1 Kxe3 61. Ra3+ Kf2 62. Ra2+ Kf3 63. d5 e3 64. d6 e2 65. Ra1 Rg8 66. Kh7 Rd8 67. h6 Rxd6 68. Kg7 Rd1 69. Ra3+ Kf4 70. Ra4+ Kf5 71. Ra5+ Ke6 72.
Ra6+ Rd6 73. Rxd6+ Kxd6 74. h7 e1=Q 75. h8=Q Qe5+ 76.
Kh7 Qxh8+ 77. Kxh8 1/2-1/2

[Event "*** MasterClass Titled Tuesday Blitz"]
[Site "Chess.com"]
[Date "2017.11.07"]
[Round "4"]
[White "miaou33"]
[Black "ChristopherYoo"]
[Result "1-0"]
[WhiteElo "2303"]
[BlackElo "2254"]
[TimeControl "180+2"]
[EndTime "15:04:14 PST"]
[Termination "miaou33 won by resignation"]

1. b3 e5 2. Bb2 Nc6 3. e3 Nf6 4.
Bb5 Bd6 5. Na3 a6 6. Bxc6 dxc6 7. Nc4 Qe7 8. Ne2 O-O 9. O-O b5 10. Nxd6 cxd6 11. Qe1 Bf5 12. d3 Rfe8 13. e4 Bd7 14.
f4 c5 15. fxe5 dxe5 16. Ng3 Rac8 17. Nf5 Bxf5 18. Rxf5 Nd7 19. Qg3 c4 20. Raf1 f6 21. Bc1 cxd3 22. cxd3 Rc2 23. R5f2 Rec8 24. Bh6 Rxf2 25.
Rxf2 Nf8 26. h4 Kh8 27. Be3 Ne6 28. h5 Rd8 29. Bc1 Qd7 30. h6 Qxd3 31. hxg7+ Nxg7 32. Qxd3 Rxd3 33. Rxf6 Nh5 34. Rc6 Nf4 35. Bb2 Ne2+ 36. Kf2 Nd4 37. Bxd4 exd4 38. Rxa6 Re3 39. Rb6 Rxe4 40.
Rxb5 d3 41. Rd5 Re2+ 42. Kf3 Rxa2 43. Rxd3 Rb2 44. g3 Kg7 45. Ke4 Kg6 46. Kd4 Kg5 47.
Kc3 Rb1 48. b4 Kg4 49. Kc4 Rc1+ 50. Kd5 Rb1 51. Kc5 Rc1+ 52. Kd4 Rb1 53. Kc4 h5 54. b5 Rc1+ 55. Kd5 Rb1 56. Kc6 Rc1+ 57. Kd6 Rb1 58. Kc6 Rc1+ 59. Kb7 Rb1 60. b6 Rc1 61. Kb8 Rb1 62.
b7 Rb2 63. Rc3 Rf2 64. Kc7 Rf7+ 65. Kb6 Rf6+ 66. Rc6 Rf3 67. Rc5 Rf8 68. Rc8 Rf3 69. Rg8+ Kh3 70. b8=Q Rb3+ 71. Kc7 1-0

[Event "*** MasterClass Titled Tuesday Blitz"]
[Site "Chess.com"]
[Date "2017.11.07"]
[Round "4"]
[White "Sanan_Sjugirov"]
[Black "Hasangatin_Ramil"]
[Result "1-0"]
[WhiteElo "2652"]
[BlackElo "2440"]
[TimeControl "180+2"]
[EndTime "15:04:16 PST"]
[Termination "Sanan_Sjugirov won on time"]

1. d4 d6 2. e4 Nf6 3. Nc3 g6 4. Bg5 a6 5. Qd2 b5 6. Bxf6 exf6 7. f4 Bb7 8. Bd3 c5 9. Nf3 Bg7 10. a4 c4 11. Be2 b4 12. Nd5 c3 13. bxc3 f5 14. Qe3 O-O 15. c4 fxe4 16. Qxe4 Re8 17.
Qd3 Bxd5 18. cxd5 Qa5 19. O-O Qxd5 20. Kh1 Nc6 21. Rad1 Na5 22. f5 Qe4 23. Qxe4 Rxe4 24. Bd3 Re3 25. fxg6 fxg6 26. Rfe1 Rae8 27. Rxe3 Rxe3 28.
Bxa6 Rc3 29. Bd3 Ra3 30. Bb5 Rc3 31. Ne1 b3 32. cxb3 Nxb3 33. d5 Nc5 34. Nd3 Nxd3 35. Bxd3 Ra3 36. Bb5 Bd4 37. g3 Ra1 38. Rxa1 Bxa1 39.
a5 Kf8 40. Kg2 Bd4 41. Kf3 Ke7 42. Ke4 Bc5 43. a6 Bb6 44. h4 Bc5 45. Be2 Bb6 46. Bg4 Bc5 47. Be6 Bf2 48. Bg8 h6 49. Kf3 Bc5 50. Be6 Bb6 51. Bh3 Bc5 52. Bf1 Bb6 53. Bd3 Kf6 54. Ke4 Bf2 55. Bc2 g5 56. h5 g4 57. Kf4 Bb6 58. Kxg4 Ke5 59. Bb3 Kd4 60. Kf5 Kc3 61. Bd1 Kc4 62. Bf3 Kb5 63. Be2+ Kc5 64. g4 Kxd5 65. g5 hxg5 66. Bf3+ Kc5 67. h6 g4 68. Kxg4 Kb5 69. h7 Bd4 70. a7 1-0

[Event "*** MasterClass Titled Tuesday Blitz"]
[Site "Chess.com"]
[Date "2017.11.07"]
[Round "4"]
[White "ZapataCharlesS"]
[Black "pKiLz5Rn9b"]
[Result "1-0"]
[WhiteElo "2532"]
[BlackElo "2568"]
[TimeControl "180+2"]
[EndTime "15:04:39 PST"]
[Termination "ZapataCharlesS won on time"]

1. e4 e6 2. d3 d5 3. Nd2 Nf6 4.
Ngf3 Be7 5. g3 O-O 6. Bg2 c5 7. O-O Nc6 8. e5 Nd7 9. Re1 b5 10. a4 bxa4 11. Rxa4 Nb6 12. Ra2 a5 13. Nf1 Re8 14.
h4 a4 15. N1h2 h6 16. Ng4 Bf8 17. Bxh6 gxh6 18. Nf6+ Kh8 19. c4 Bg7 20. Nxe8 Qxe8 21. cxd5 exd5 22. d4 c4 23. Ra3 Nb4 24. Qd2 Nd3 25.
Rea1 Bd7 26. Ne1 Bb5 27. Nxd3 cxd3 28. b3 Bf8 29. bxa4 Nc4 30. Qxd3 Nxa3 31. axb5 Qd7 32. b6 Qc6 33. Qb3 Rb8 34. Qxd5 Qxd5 35. Bxd5 Rxb6 36.
Bxf7 Nc2 37. Rd1 Kg7 38. Bh5 Nb4 39. d5 Rb5 40. Bf3 Bc5 41. Kg2 Rb8 42. d6 Kf7 43.
Bh5+ Ke6 44. f4 Nc6 45. Bg4+ Kf7 46. Bh5+ Ke6 47. Kh3 Nd4 48. Rc1 Bb6 49. Bg4+ Kf7 50. Rc7+ Kf8 51. Rh7 Kg8 52. Rxh6 Ra8 53. Rg6+ Kh7 54.
Rf6 Ra1 55. d7 Bc7 56. Rf8 Nc2 57. Bf5+ Kg7 58. d8=Q Bxd8 59. Rxd8 Ne3 60. Be4 Ra4 61. Bf3 Ra3 62. Rd7+ Kf8 63. Rd6 Kg7 64. Rf6 Nf1 65. Kg2 Nd2 66. Bd5 Rd3 67. Rd6 Re3 68. h5 Re2+ 69.
Kh3 Nf1 70. Kg4 Rh2 71. h6+ Kh8 72. Kg5 Nxg3 73. Kg6 Rxh6+ 74. Kxh6 Nf5+ 75. Kg5 1-0

[Event "*** MasterClass Titled Tuesday Blitz"]
[Site "Chess.com"]
[Date "2017.11.07"]
[Round "4"]
[White "plouarzel"]
[Black "florianschwabeneder"]
[Result "1/2-1/2"]
[WhiteElo "2456"]
[BlackElo "2425"]
[TimeControl "180+2"]
[EndTime "15:04:47 PST"]
[Termination "Game drawn by agreement"]

1. e4 e5 2. Nf3 Nc6 3. d4 exd4 4. Nxd4 Bb4+ 5. c3 Bc5 6. Be3 Bb6 7. Nf5 g6 8. Bxb6 axb6 9. Ne3 Nf6 10. f3 d6 11.
Qd2 O-O 12. c4 Nh5 13. Nc3 f5 14. exf5 gxf5 15. O-O-O f4 16. Ned5 Ne5 17. Bd3 Be6 18. g4 Ng7 19. Nxf4 Nxd3+ 20. Nxd3 Bxc4 21. f4 Bxa2 22. Nxa2 Rxa2 23. Kb1 Qa8 24. Qb4 d5 25. f5 c5 26. Qb5 Ra5 27. Qxb6 c4 28. Nc5 Ra1+ 29.
Kc2 Rxd1 30. Rxd1 Qe8 31. Qd6 Qe2+ 32. Rd2 Qxg4 33. Qxd5+ Kh8 34. f6 Qg6+ 35. Kc3 Qxf6+ 36.
Kxc4 Rc8 37. Qd7 Qe6+ 38. Qxe6 Nxe6 39. b4 b6 40. Rd6 bxc5 41. Rxe6 cxb4+ 42. Kxb4 Kg7 43. Re2 Kg6 44. Rg2+ Kh5 45. Kb5 Kh4 46. Kb4 h5 47. Kb3 Kh3 48. Re2 h4 49. Rd2 Rc1 50. Kb2 Rh1 51.
Kc3 Rxh2 52. Rd8 Re2 53. Kd3 Re7 54. Rg8 Kh2 55. Kd2 h3 56. Kd1 Re6 57. Kd2 Re4 58. Rg6 Ra4 59. Rg7 Ra1 60. Ke2 Rg1 61. Rh7 Kg2 62.
Rg7+ Kh1 63. Rh7 Kh2 64. Kf2 Rg2+ 65. Kf1 Ra2 66. Rg7 Rb2 67. Rg8 Rg2 68. Rh8 Rg7 69. Rh6 Rf7+ 70. Ke2 Kg2 71. Rg6+ Kh2 72. Rg5 Rf4 73.
Rg6 Kh1 74. Rh6 Kg2 75. Rg6+ Kh2 76. Rg7 Kh1 77. Rh7 h2 78. Rg7 Rf6 79. Rg8 Ra6 80. Kf2 Ra2+ 81. Kf1 Ra7 82. Kf2 Rf7+ 1/2-1/2

[Event "*** MasterClass Titled Tuesday Blitz"]
[Site "Chess.com"]
[Date "2017.11.07"]
[Round "4"]
[White "Bryakin_Mikhail"]
[Black "Giorno"]
[Result "1-0"]
[WhiteElo "2497"]
[BlackElo "2332"]
[TimeControl "180+2"]
[EndTime "15:05:26 PST"]
[Termination "Bryakin_Mikhail won by resignation"]

1. d4 Nf6 2. c4 c5 3. d5 b5 4.
cxb5 a6 5. e3 Bb7 6. Nc3 g6 7. e4 d6 8. Nf3 Bg7 9. a4 O-O 10. Bc4 axb5 11. Bxb5 e6 12. O-O exd5 13. exd5 Na6 14. Bg5 Nb4 15. Bc4 Qd7 16. Qd2 Qf5 17.
Rad1 Rfe8 18. Nb5 Ne4 19. Qf4 Qxf4 20. Bxf4 Rxa4 21. Nxd6 Nxd6 22. Bxd6 Bxb2 23. Bb5 Rd8 24. Bc7 Raa8 25. Bxd8 Rxd8 26. d6 Nd5 27. Bc4 Rxd6 28. Rb1 Rb6 29. Rbd1 Nf4 30. Rd7 Ba6 31. Bxf7+ Kf8 32.
Rb1 Bd3 33. Rd1 c4 34. Ne1 Ne2+ 35. Kh1 Nc3 36. Rd2 Bc1 37. R2xd3 cxd3 38. Nxd3 Rb1 39. g3 Bg5+ 40. Kg2 Bf6 41. Bc4 Be7 42. Nf4 Re1 43. Ne6+ Ke8 44. Ra7 Ne4 45. Nc7+ Kf8 46.
Bd5 Nc3 47. Bf3 Re5 48. Ra8+ Kg7 49. Ra7 Kf8 50. Rb7 Na4 51. h4 Nc5 52. Ra7 Nd3 53. Bg4 Ne1+ 54. Kf1 h5 55. Be2 Nc2 56. Bd3 Nd4 57. Bxg6 Nc6 58. Rb7 Nd8 59. Rb8 Kg7 60. Bd3 Nc6 61. Re8 Bf6 62. Rxe5 Nxe5 63. Be4 Ng6 64.
Ne6+ Kh6 65. Bxg6 Kxg6 66. Nf4+ Kh6 67. Kg2 Be5 68. Kf3 Bf6 69. Ke4 Bd8 70. Kf5 Bb6 71. Nd3 Bd4 72. Ke4 Ba7 73. Kf3 Bb6 74. Nf4 Ba7 75.
Ng2 Bb6 76. Ne3 Bc5 77. Ke4 Bb6 78. Kd5 Ba7 79. Ke6 Kg6 80. Ke5 Bb8+ 81. Ke4 Ba7 82.
f3 Bb6 83. Nf5 Bc7 84. g4 hxg4 85. fxg4 Bd8 86. Kf4 Bc7+ 87. Kf3 Bd8 88. h5+ Kh7 89. Ng3 Kh6 90. Ne4 Bc7 91. Ke3 Bd8 92. Kd4 Bh4 93.
Ke5 Bd8 94. Kf5 Be7 95. Nf6 Ba3 96. Nd5 Bc1 97. Nf4 Bd2 98. g5+ Kh7 99. h6 Bc1 100.
Nh5 Bb2 101. Nf6+ Kh8 102. g6 Bxf6 103. Kxf6 Kg8 104. g7 1-0

[Event "*** MasterClass Titled Tuesday Blitz"]
[Site "Chess.com"]
[Date "2017.11.07"]
[Round "5"]
[White "Bryakin_Mikhail"]
[Black "maciek_92"]
[Result "1-0"]
[WhiteElo "2506"]
[BlackElo "2546"]
[TimeControl "180+2"]
[EndTime "15:07:52 PST"]
[Termination "Bryakin_Mikhail won by checkmate"]

1. d4 Nf6 2. c4 e6 3. Nf3 b6 4. g3 Ba6 5. Qc2 Be7 6. Bg2 Bb7 7. O-O O-O 8. Nc3 c5 9. dxc5 bxc5 10. e4 Nc6 11. e5 Ne8 12. Bf4 h6 13. h3 Qb6 14.
Rad1 Nd4 15. Nxd4 Bxg2 16. Nxe6 Bxf1 17. Nxf8 Bxh3 18. Qh7+ Kxf8 19. Qh8# 1-0

[Event "*** MasterClass Titled Tuesday Blitz"]
[Site "Chess.com"]
[Date "2017.11.07"]
[Round "5"]
[White "GrigorGrigorov"]
[Black "Cherone"]
[Result "1-0"]
[WhiteElo "2617"]
[BlackElo "2453"]
[TimeControl "180+2"]
[EndTime "15:10:04 PST"]
[Termination "GrigorGrigorov won by resignation"]

1. d4 d6 2. Nf3 Nf6 3. c4 g6 4.
g3 Bg7 5. Bg2 O-O 6. O-O c6 7. Nc3 Qa5 8. e4 e5 9. d5 cxd5 10.
cxd5 b5 11. a3 b4 12. Na2 bxa3 13. Nc3 Qb4 14. Rxa3 Nxe4 15. Nxe4 Qxe4 16. Ng5 Qg4 17. Ne6 Qxd1 18. Rxd1 Na6 19. Nxf8 Bxf8 20. Be3 Rb8 21. Rc1 Bb7 22. Rb3 Nc5 1-0